AoeStats
← RappeGol

Arabia

506985662Analyzed
1v1 RM · 17d ago on Sep 16, 2026· 39m 47s· 2 players
Game mode
Random Map
Map size
Tiny (2 player)
Population
200
Speed
Normal
Resources
Standard
Victory
Conquest
Starting age
Dark Age
Ending age
Imperial Age
RankedLock teamsTeams togetherTeam positionsShared explorationLock speedFull tech treeHidden civsTurbo modeCheats
Victory
Defeat
🇨🇦 Goths · Canada
1297
+17
🇦🇷 Burmese · Argentina
1317
-17
Friendly Sword
7:02 Loom
7:06 Loom
10:02 Feudal Age
10:04 Man-at-Arms
10:44 Double-Bit Axe
17:54 Wheelbarrow
17:31 Horse Collar
17:59 Fletching
18:38 Padded Archer Armor
23:14 Castle Age
21:30 Gold Mining
22:08 Forging
22:54 Scale Barding Armor
23:29 Bloodlines
23:19 Crossbowman
23:57 Bodkin Arrow
25:19 Leather Archer Armor
25:14 Husbandry
28:34 Chain Barding Armor
28:46 Pikeman
29:32 Town Watch
32:13 Iron Casting
33:50 Town Patrol
34:02 Squires
34:57 Scale Mail Armor
36:21 Chain Mail Armor
39:37 Imperial Age
38:57 Heavy Plow
39:17 Bow Saw
39:47 Anarchy
40:41 Conscription
RappeGol
7:26 Loom
10:11 Feudal Age
16:27 Horse Collar
17:26 Fletching
23:28 Castle Age
22:26 Scale Barding Armor
23:04 Bloodlines
23:35 Light Cavalry
26:23 Husbandry
33:26 Gold Mining
33:26 Stone Mining
33:27 Gold Mining
35:16 Gold Shaft Mining
34:45 Heavy Plow
Connection lost

Rejoining the realm…

Still unreachable

The connection could not be restored.

Session expired

The server has moved on; the page needs a fresh start.